 Dungeon Crawl Stone Soup version 0.23.0 (webtiles) character file.

Game seed: 1285973826628852452

3 MalarOregon the Magician (level 1, 0/15 HPs)
             Began as a Merfolk Wizard on Feb 18, 2019.
             Slain by a hobgoblin (3 damage)
             ... on level 1 of the Dungeon.
             The game lasted 00:00:31 (248 turns).

MalarOregon the Magician (Merfolk Wizard)            Turns: 248, Time: 00:00:32

Health: 0/15       AC:  2    Str:  7    XL:     1   Next: 50%
Magic:  0/4        EV: 13    Int: 17    God:
Gold:   0          SH:  0    Dex: 12    Spells: 5/6 levels left

rFire    . . .     SeeInvis .   (no weapon)
rCold    . . .     Gourm    .   (no shield)
rNeg     . . .     Faith    .   a - +0 robe
rPois    .         Spirit   .   b - +0 hat
rElec    .         Reflect  .   (no cloak)
rCorr    .         Harm     .   (no gloves)
MR       .....                  (no boots)
Stlth    ++........             (no amulet)
HPRegen  0.05/turn              (no ring)
MPRegen  0.09/turn              (no ring)

@: very slightly contaminated
A: change form in water, swift swim, stealthy swim
a: no special abilities


You were on level 1 of the Dungeon.
You were not hungry.

You visited 1 branch of the dungeon, and saw 1 of its levels.

Inventory:

Armour
 a - a +0 robe (worn)
 b - a +0 hat (worn)
Scrolls
 d - a scroll of amnesia {unknown}
Comestibles
 c - a chunk of flesh
 e - a ration {!d}


   Skills:
 + Level 1.0 Fighting
 - Level 2.6 Dodging
 - Level 2.1 Stealth
 - Level 3.0 Spellcasting
 - Level 0.7 Conjurations
   Level 1.0 Summonings
   Level 0.7 Translocations


You had 5 spell levels left.
You knew the following spells:

 Your Spells              Type           Power        Failure   Level  Hunger
a - Magic Dart            Conj           #...         13%         1    None

Your spell library contained the following spells:

 Spells                   Type           Power        Failure   Level  Hunger
 Call Imp                 Summ           #.......     17%         2    ##.....
 Blink                    Tloc           N/A          21%         2    ##.....
 Slow                     Hex            #.......     26%         2    ##.....
 Conjure Flame            Conj/Fire      #.......     41%         3    ###....
 Mephitic Cloud           Conj/Pois/Air  #.......     43%         3    ###....


Dungeon Overview and Level Annotations

Branches:
Dungeon (1/15)

Altars:


Message History

You see here a pair of boots.
Aim: a bat The magic dart hits the bat.
Aim: a bat (moderately wounded)
The magic dart hits the bat.
The bat barely misses you.
Aim: a bat (severely wounded)
The magic dart hits the bat but does no damage.
The bat closely misses you.
Aim: a bat (severely wounded)
The magic dart hits the bat but does no damage.
The bat closely misses you.
You don't have enough magic to cast that spell.
The bat closely misses you. The bat hits you.
The bat hits you but does no damage.
A bat comes into view.
There is an open gate here.
The bat closely misses you. The bat hits you but does no damage.
The bat completely misses you. The bat hits you.
The bat hits you but does no damage. The bat hits you.
There is an open door here.
Aim: a bat The magic dart hits the bat.
The bat barely misses you. The bat misses you.
You hit the bat.
You kill the bat!
Your Fighting skill increases to level 1!
You hit the hobgoblin but do no damage. The hobgoblin hits you.
You hit the hobgoblin. The hobgoblin misses you.
You hit the hobgoblin but do no damage. The hobgoblin closely misses you.
You hit the hobgoblin. The hobgoblin hits you.
* * * LOW HITPOINT WARNING * * *
You closely miss the hobgoblin. The hobgoblin barely misses you.
You hit the hobgoblin. The hobgoblin hits you.
* * * LOW HITPOINT WARNING * * *
There is an open door here.
Aim: a hobgoblin (severely wounded)
You miscast Magic Dart.
You are very lightly contaminated with residual magic.
You smell something strange.
The hobgoblin misses you.
You hit the hobgoblin but do no damage. The hobgoblin misses you.
You closely miss the hobgoblin. The hobgoblin hits you.
* * * LOW HITPOINT WARNING * * *
You hit the hobgoblin but do no damage. The hobgoblin barely misses you.
You hit the hobgoblin but do no damage. The hobgoblin hits you.
* * * LOW HITPOINT WARNING * * *
You hit the hobgoblin. The hobgoblin closely misses you.
You barely miss the hobgoblin. The hobgoblin hits you.
You die...

#.≈≈≈○○≈≈.##.....b# #
#..≈≈≈°≈..# #.#...#
.# #...≈...#
#.....##.# #######
####......# #≈.≈#
##..##.[..###
###'#####....#.#.....
#.....###§§..#.......
#.....#8#§§§.'.#..##.
+..<@g'.'#§##'.#...#
#.....#8#§§§.'.#####
#.....###.§§.#.#
###+#####..§.#.#
##..##.# ####..# .##


You could see a hobgoblin.

Vanquished Creatures
  A dart slug (D:1)
  A bat (D:1)
2 creatures vanquished.

Notes
Turn   | Place    | Note
-------+----------+-------------------------------------------
     0 | D:1      | MalarOregon the Merfolk Wizard began the quest for the Orb.
     0 | D:1      | Reached XP level 1. HP: 13/13 MP: 4/4
   231 | D:1      | Reached skill level 1 in Fighting
   248 | D:1      | Slain by a hobgoblin

Skill      XL: |  1 |
---------------+----+-----
Fighting       | 1 |  1.0
Dodging        | |  2.6
Stealth        | |  2.1
Spellcasting   | |  3.0
Conjurations   | |  0.7
Summonings     | |  1.0
Translocations | |  0.7

Action                   || total
-------------------------++-------
Melee: Unarmed           ||    15
 Cast: Magic Dart        ||     9
Armor: Robe              ||     3
Dodge: Dodged            ||    16
